 Dungeon Crawl Stone Soup version 0.32-a0-43-g058985b245 (webtiles) character file.

Game seed: 2854858537323017956

34 MeridiaMaster the Conjurer (level 3, 0/24 (27) HPs)
             Began as a Demonspawn Reaver on Feb 5, 2024.
             Was an Initiate of Okawaru.
             Slain by a quokka (1 damage)
             ... on level 4 of the Dungeon.
             The game lasted 00:08:00 (1049 turns).

MeridiaMaster the Conjurer (Demonspawn Reaver)      Turns: 1049, Time: 00:08:00

HP:   0/24 (27)     AC:  3    Str: 14    XL:     3   Next: 14%
MP:   6/6           EV: 11    Int: 13    God:    Okawaru [......]
Gold: 70            SH:  0    Dex: 11    Spells: 5/6 levels left

rFire   . . .        g - +0 mace
rCold   . . .        (no shield)
rNeg    . . .        b - +0 leather armour
rPois   .            (no helmet)
rElec   .            (no cloak)
rCorr   .            (no gloves)
SInv    .            (no boots)
Will    .....        (no amulet)
Stlth   +            (no ring)
HPRegen 0.24/turn    (no ring)
MPRegen 0.10/turn

%: no passive effects
@: on fire, glowing, heavily drained
A: ignite blood 1
a: Renounce Religion


You were on level 4 of the Dungeon.
You worshipped Okawaru.
Okawaru was noncommittal.
You visited 1 branch of the dungeon, and saw 3 of its levels.

You collected 70 gold pieces.

Inventory:

Hand Weapons
 a - a +0 falchion
 g - a +0 mace (weapon)
 i - a +0 short sword
 j - a +0 club
 k - a +0 mace
 m - a +0 short sword
Missiles
 c - 12 stones
Armour
 b - a +0 leather armour (worn)
 o - a +0 chain mail
Jewellery
 l - a ring of protection from cold
Wands
 n - a wand of mindburst (18)
Scrolls
 f - a scroll of teleportation
Potions
 d - a potion of might {unknown}
 e - a potion of degeneration
 h - a potion of heal wounds {unknown}


   Skills:
 + Level 2.2 Fighting
 + Level 3.0 Long Blades
 + Level 1.0 Armour
 + Level 2.0 Dodging
 + Level 0.1 Stealth
 + Level 2.1 Spellcasting
 + Level 3.2 Conjurations


You had 5 spell levels left.
You knew the following spells:

 Your Spells              Type           Power      Damage    Failure   Level
a - Kiss of Death         Conj/Necr      20%        2d7       16%         1

Your spell library contained the following spells:

 Spells                   Type           Power      Damage    Failure   Level
 Momentum Strike          Conj/Tloc      10%        3d8       24%         2
 Hailstorm                Conj/Ice       5%         3d5       43%         3


Dungeon Overview and Level Annotations

Branches:
Dungeon (2/15)

Altars:
Okawaru


Innate Abilities, Weirdness & Mutations

Your demonic aura sometimes causes spilled blood to erupt in flames.


Message History

There is an iron altar of Okawaru here.
The orc barely misses you.
Aiming: Kiss of Death (safe; 16% risk of failure)
Press: ? - help, Q - select action, (/) - cycle Shift-Dir - straight line, f - orc
Aim: an orc, wielding a +0 short sword and wearing a +0 chain mail (100% to hit)
The negative energy hits the orc!
The orc is drained!
You kill the orc!
You feel drained.
Things that are here:
a +0 short sword; a +0 chain mail; an orc corpse
m - a +0 short sword;
o - a +0 chain mail
There is an iron altar of Okawaru here.
You kneel at the altar of Okawaru.
Okawaru welcomes you!
Found a clear potion.
A bombardier beetle comes into view.
A quokka comes into view.
The bombardier beetle sprays incendiary fluid at you.
The burning spray hits you.
You are covered in liquid fire!
You shake off some of the fire as you move.
The liquid fire burns you!
You shake off some of the fire as you move.
The liquid fire burns you!
You completely miss the bombardier beetle.
The liquid fire burns you!
The bombardier beetle sprays incendiary fluid at you.
The burning spray hits you.
You are even more covered in liquid fire!
You hit the bombardier beetle.
The bombardier beetle is moderately wounded.
The liquid fire burns you!
* * * LOW HITPOINT WARNING * * *
The quokka barely misses you. x2; The bombardier beetle misses you.
You sock the bombardier beetle!
The bombardier beetle is severely wounded.
The liquid fire burns you!
* * * LOW HITPOINT WARNING * * *
The quokka bites you.
You die...

#.......# #.......
#.......# #.......##+#
#
#......##..##########.#
#......#......!.......#
#......#.........r....#
#...............@B....#
#..#.♣.♣.#.####+####+##
#....†.....#..
##.♣.♣.♣.♣....
#...._........
#.♣.♣.♣.♣.#...
#.............
#.#.♣.♣.#......
#..........##


You could see a bombardier beetle and a quokka.

Vanquished Creatures
  2 dart slugs (D:1)
  A ribbon worm (D:2)
  An orc (D:4)
  3 endoplasms
  2 goblins (D:1)
  2 hobgoblins (D:1)
  6 jackals (D:1)
  A kobold (D:2)
  A bat (D:1)
  2 frilled lizards
  3 rats (D:1)
24 creatures vanquished.

Notes
Turn   | Place    | Note
-------+----------+-------------------------------------------
     0 | D:1      | MeridiaMaster the Demonspawn Reaver began the quest for the
                  | Orb.
     0 | D:1      | Reached XP level 1. HP: 16/16 MP: 3/3
   226 | D:1      | Gained mutation: Your demonic aura sometimes causes spilled
                  | blood to erupt in flames. [demonic ancestry]
   226 | D:1      | Reached XP level 2. HP: 20/22 MP: 5/5
   792 | D:1      | Reached skill level 1 in Armour
   966 | D:2      | Reached XP level 3. HP: 27/27 MP: 6/6
   990 | D:2      | You fall into a shaft and drop 2 floors!
  1015 | D:4      | Found an iron altar of Okawaru.
  1032 | D:4      | Became a worshipper of Warmaster Okawaru
  1049 | D:4      | HP: 1/24 [burnt (4)]
  1049 | D:4      | Slain by a quokka

Illustrated notes

Levels and vault maps discovered:
D:1:      minmay_arrival_hallway, layout_loops_cross
D:2:      layout_basic, nicolae_the_louvre
D:4:      layout_gridville, kennysheep_orc_sif_temple, okawaru_trees_1,
          uniq_pikel

Skill      XL: |  1  2  3 |
---------------+----------+-----
Long Blades    | 3 |  3.0
Armour         | 1 |  1.0
Dodging        | 2 |  2.0
Fighting       | |  2.2
Stealth        | |  0.1
Spellcasting   | |  2.1
Conjurations   | |  3.2

Action                     || total
---------------------------++-------
  Melee: Falchion          ||    76
         Punch             ||     3
         Mace              ||     3
   Cast: Kiss of Death     ||     1
    Use: Scroll            ||     3
 Armour: Leather armour    ||    70
  Dodge: Dodged            ||    62

Table legend: (Time is in decaauts)
 A = Elapsed time spent in this place.
 B = Non-inter-level travel time spent in this place.
 C = Inter-level travel time spent in this place.
 D = Time resting spent in this place.
 E = Time spent auto-exploring this place.
 F = Levels seen in this place.
 G = Mean time per level.
                   A        B        C        D        E       F      G
               +--------+--------+--------+--------+--------+-----+--------+
         Total |   1059 |   1021 |     38 |    173 |    411 |   3 |  353.0 |
       Dungeon |   1059 |   1021 |     38 |    173 |    411 |   3 |  353.0 |
               +--------+--------+--------+--------+--------+-----+--------+

Top non-repeatable levels by time:
     D:1: 892 daAuts
     D:2: 108 daAuts
     D:4: 59 daAuts
